 Dungeon Crawl Stone Soup version 0.21.1-1-g345015fe64 (webtiles) character file.

87 McKennaii the Chiller (level 4, -4/24 HPs)
             Began as a Deep Elf Ice Elementalist on June 11, 2018.
             Killed from afar by an orc wizard (11 damage)
             ... with a puff of flame
             ... on level 3 of the Dungeon.
             The game lasted 00:06:00 (2593 turns).

McKennaii the Chiller (Deep Elf Ice Elementalist)   Turns: 2593, Time: 00:06:00

Health: -4/24      AC:  2    Str:  5    XL:     4   Next: 28%
Magic:  3/12       EV: 13    Int: 21    God:
Gold:   93         SH:  0    Dex: 15    Spells: 5/11 levels left

rFire    . . .     SeeInvis .   g - +1 dagger
rCold    . . .     Gourm    .   (no shield)
rNeg     . . .     Faith    .   a - +0 robe
rPois    .         Spirit   .   (no helmet)
rElec    .         Reflect  .   (no cloak)
rCorr    .         Harm     .   (no gloves)
MR       .....                  (no boots)
Stlth    ++........             (no amulet)
HPRegen  0.08/turn              (no ring)
MPRegen  0.13/turn              (no ring)

@: flying
A: no striking features
a: no special abilities


You were on level 3 of the Dungeon.
You were not hungry.

You visited 1 branch of the dungeon, and saw 3 of its levels.

You collected 93 gold pieces.

Inventory:

Hand Weapons
 g - a +1 dagger (weapon)
Armour
 a - a +0 robe (worn)
Scrolls
 l - a scroll of identify
Potions
 e - a potion of curing
 f - a potion of heal wounds {unknown}
 h - a potion of invisibility {unknown}
 i - a potion of degeneration {unknown}
 j - 2 potions of agility {unknown}
 k - a potion of lignification {unknown}
 o - a potion of brilliance {unknown}
Books
 b - a book of Frost

   Spells                             Type                      Level
   a - Freeze                         Ice                          1
   b - Throw Frost                    Conjuration/Ice              2
   c - Ozocubu's Armour               Charms/Ice                   3
   d - Throw Icicle                   Conjuration/Ice              4
   e - Summon Ice Beast               Ice/Summoning                4
Comestibles
 c - 9 rations


   Skills:
 + Level 2.4 Dodging
 * Level 3.0 Stealth
 * Level 4.4 Spellcasting
 + Level 1.1 Conjurations
 * Level 4.6 Ice Magic


You had 5 spell levels left.
You knew the following spells:

 Your Spells              Type           Power        Failure   Level  Hunger
a - Freeze                Ice            ###.         1%          1    None
b - Throw Frost           Conj/Ice       ###...       5%          2    #......
c - Ozocubu's Armour      Chrm/Ice       ##......     13%         3    ##.....


Dungeon Overview and Level Annotations

Branches:
Dungeon (3/15)

Altars:
Uskayaw


Message History

Aim: an orc wizard, wielding a dagger and wearing an embroidered robe (almost dead, fast)
The puff of frost misses the orc wizard.
The puff of frost hits the orc wizard.
The orc wizard is lightly wounded.
The orc priest miscasts a cantrip.
The orc wizard gestures at you while chanting.
You resist with some effort.
An orc comes into view.
The orc wizard gestures at you while chanting.
The magic dart hits you!
* * * LOW HITPOINT WARNING * * *
It was a potion of flight.
You feel very buoyant.
You fly up into the air.
The orc wizard casts a spell.
The orc wizard seems to speed up.
The orc shouts!
The orc wizard casts a spell at you. The puff of flame hits you!
You die...

...................##### #......
...................'...# #......
...................###.# #......
...#####............##+####+###>#
......######'#'#.............##.#
......# #.....##............##.#
......####.....##......o.....##.#
......'........##...o.........#..
......########..@.o...........#..
####### #......o...o.......#.#
#.#####....#########..
#.....'....'..........
#######....########### #....#
######


You could see an orc priest, 2 orc wizards and 2 orcs.

Vanquished Creatures
  2 adders
  A dart slug (D:1)
  2 worms
  2 leopard geckos
  2 orcs (D:3)
  2 giant cockroaches
  7 hobgoblins
  2 quokkas (D:2)
  7 bats
  5 frilled lizards
  9 goblins
  6 kobolds
  10 rats
57 creatures vanquished.

Notes
Turn   | Place    | Note
-------+----------+-------------------------------------------
     0 | D:1      | McKennaii the Deep Elf Ice Elementalist began the quest for the Orb.
     0 | D:1      | Reached XP level 1. HP: 10/10 MP: 6/6
   255 | D:1      | Reached XP level 2. HP: 12/15 MP: 2/8
   884 | D:2      | Found a faded altar of an unknown god.
   965 | D:2      | Reached XP level 3. HP: 19/19 MP: 10/10
  1527 | D:2      | Learned a level 2 spell: Throw Frost
  1775 | D:3      | Learned a level 3 spell: Ozocubu's Armour
  1989 | D:3      | Reached XP level 4. HP: 24/24 MP: 0/12
  2320 | D:3      | Found a hide-covered altar of Uskayaw.
  2321 | D:3      | Noticed a hand axe
  2322 | D:3      | Noticed an enchanted dagger
  2593 | D:3      | Killed from afar by an orc wizard

Skill      XL: |  1  2  3 |
---------------+----------+-----
Ice Magic      | 4 |  4.6
Spellcasting   | 4 |  4.4
Stealth        | 3 |  3.0
Dodging        | |  2.4
Conjurations   | |  1.1

Action                   |  1- 3 |  4- 6 || total
-------------------------+-------+-------++-------
Melee: Dagger            |    13 |     5 ||    18
       Unarmed           |     1 |       ||     1
 Cast: Freeze            |    64 |     3 ||    67
       Throw Frost       |    14 |    13 ||    27
  Use: Scroll            |     3 |     1 ||     4
       Potion            |       |     1 ||     1
 Stab: Sleeping          |     2 |       ||     2
  Eat: Chunk             |     2 |     3 ||     5
Armor: Robe              |     5 |     1 ||     6
Dodge: Dodged            |    35 |     8 ||    43
